 Dungeon Crawl Stone Soup version 0.28.0 (webtiles) character file.

Game seed: 8065403358790977291

16 crazypyro the Skirmisher (level 2, -3/32 HPs)
             Began as an Ogre Monk on Feb 14, 2022.
             Slain by a gnoll (4 damage)
             ... on level 1 of the Dungeon.
             The game lasted 00:00:44 (707 turns).

crazypyro the Skirmisher (Ogre Monk)                 Turns: 707, Time: 00:00:45

Health: -3/32      AC:  5    Str: 14    XL:     2   Next: 54%
Magic:  2/2        EV: 10    Int: 11    God:
Gold:   51         SH:  0    Dex: 11    Spells: 1/1 levels left

rFire   . . .      SeeInvis .   a - +0 mace
rCold   . . .      Faith    .   (no shield)
rNeg    . . .      Spirit   .   b - +0 robe
rPois   .          Reflect  .   (helmet restricted)
rElec   .          Harm     .   g - +1 cloak
rCorr   .          Rampage  .   (gloves unavailable)
Will    .....                   (boots unavailable)
Stlth   ++........              (no amulet)
HPRegen 0.10/turn               (no ring)
MPRegen 0.08/turn               (no ring)

@: no status effects
A: large, unfitting armour, tough skin 1
a: no special abilities


You were on level 1 of the Dungeon.
You visited 1 branch of the dungeon, and saw 1 of its levels.

You collected 51 gold pieces.

Inventory:

Hand Weapons
 a - a +0 mace (weapon)
Armour
 b - a +0 robe (worn)
 g - a +1 cloak (worn)
Scrolls
 c - a scroll of identify {unknown}
 f - 3 scrolls of amnesia {unknown}
 h - a scroll of fear {unknown}
 i - a scroll of blinking {unknown}
Potions
 d - a potion of curing {unknown}
 e - 3 potions of heal wounds {unknown}


   Skills:
 + Level 4.3 Fighting
 * Level 3.0 Maces & Flails
 - Level 2.8 Dodging
 - Level 1.6 Stealth


You had one spell level left.
You didn't know any spells.
Your spell library was empty.

Dungeon Overview and Level Annotations

Branches:
Dungeon (1/15)

Altars:

Shops:
D:1 [


Innate Abilities, Weirdness & Mutations

You are too large for most types of armour.
You have tough skin. (AC +1)


Message History

The kobold is moderately wounded.
The gnoll hits you but does no damage.
The kobold hits you with a +0 short sword.
The gnoll barely misses you. The kobold closely misses you.
You hit the kobold.
The kobold is severely wounded.
The gnoll hits you from afar with a +0 spear.
The kobold hits you but does no damage.
You hit the kobold.
You kill the kobold!
The gnoll completely misses you.
Your Maces & Flails skill increases to level 3!
The gnoll hits you with a +0 spear.
You hit the gnoll but do no damage. Your punch misses the gnoll.
The gnoll hits you with a +0 spear.
You barely miss the gnoll. The gnoll completely misses you.
The gnoll hits you with a +0 spear.
You hit the gnoll.
The gnoll is moderately wounded.
The gnoll hits you with a +0 spear.
You closely miss the gnoll.
The gnoll is moderately wounded.
The gnoll completely misses you.
You hit the gnoll.
The gnoll is severely wounded.
The gnoll hits you with a +0 spear.
* * * LOW HITPOINT WARNING * * *
The gnoll hits you with a +0 spear.
* * * LOW HITPOINT WARNING * * *
You closely miss the gnoll.
The gnoll is severely wounded.
The gnoll closely misses you.
You barely miss the gnoll.
The gnoll is severely wounded.
The gnoll barely misses you.
Unknown command.
You completely miss the gnoll.
The gnoll is severely wounded.
The gnoll hits you with a +0 spear.
You die...

#.# #.... #.#
#...# ####.# ##..#
..#.##############
#.#...............
#.################
#.................
#..###########.##.
#@.)...... #####
#g.####### #....
##.# #.### #.#
#.### #.# #....
..# ##### #.# ##


You could see a gnoll.

Vanquished Creatures
  An endoplasm (D:1)
  A giant cockroach (D:1)
  A goblin (D:1)
  3 kobolds (D:1)
  2 ball pythons (D:1)
  2 bats (D:1)
  7 rats (D:1)
17 creatures vanquished.

Notes
Turn   | Place    | Note
-------+----------+-------------------------------------------
     0 | D:1      | crazypyro the Ogre Monk began the quest for the Orb.
     0 | D:1      | Reached XP level 1. HP: 24/24 MP: 1/1
    78 | D:1      | Found Qonug's Antique Armour Shoppe.
   483 | D:1      | Reached XP level 2. HP: 32/32 MP: 2/2
   493 | D:1      | Found a faded altar of an unknown god.
   704 | D:1      | HP: 1/32 [gnoll (4)]
   707 | D:1      | Slain by a gnoll

Illustrated notes

Levels and vault maps discovered:
D:1:      dpeg_arrival_ratfight, layout_basic,
          shapermc_ecumenical_altar_mp_urbaneastern, serial_shops,
          nicolae_shop_stone, minmay_surrounded

Skill      XL: |  1  2 |
---------------+-------+-----
Maces & Flails | 3 |  3.0
Fighting       | |  4.3
Dodging        | |  2.8
Stealth        | |  1.6

Action                   || total
-------------------------++-------
Melee: Mace              ||    56
 Stab: Sleeping          ||     4
Armor: Robe              ||    22
Dodge: Dodged            ||    29
